 Dungeon Crawl Stone Soup version 0.30-a0-989-g0d87f670db (webtiles) character file.

Game seed: 12960897481162254605

2301657 CryoSword the Executioner (level 27, 238/254 HPs)
             Began as a Ghoul Fighter on Apr 3, 2023.
             Was the Champion of Ru.
             Escaped with the Orb
             ... and 4 runes!
             The game lasted 03:08:26 (72162 turns).

CryoSword the Executioner (Ghoul Fighter)          Turns: 72162, Time: 03:08:27

Health: 238/254    AC: 39    Str: 37      XL:     27
Magic:  22/22      EV: 13    Int:  8 (10) God:    Ru [******]
Gold:   1692       SH: 21    Dex: 10      Spells: 26/26 levels left

rFire   + + +      SeeInvis +    s - +9 broad axe (freeze)
rCold   + + +      Faith    .    S - +2 shield of Resistance {rF++ rC++ Will++}
rNeg    + + +      Spirit   .    i - +10 plate armour {rF+}
rPois   ∞          Reflect  +    Y - +2 helmet {Int+3}
rElec   +          Rampage  +    J - scarf {repulsion}
rCorr   .                        w - +2 pair of gloves {Str+3}
Will    ++++.                    c - +2 pair of boots {rampage} Stlth
                                 b - amulet of Springtime {Reflect Str+4 SH+5 SInv Stlth+}
HPRegen 0.62/turn                j - +5 ring of evasion {=R}
MPRegen 0.18/turn                M - ring "Ycsyce Ymu" {rElec rC+ Str+2}

@: studying 2 skills, repel missiles
A: claws 1, cold resistance 1, negative energy resistance 3, inhibited
regeneration, torment resistance 2, inability to use devices, hated by all,
inability to train dodging, no conjurations magic, no ice magic, no
transmutations magic, unskilled 1, devour on kill
0: Orb of Zot
}: 4/15 runes: barnacled, slimy, silver, gossamer
a: Renounce Religion, Draw Out Power, Power Leap, Apocalypse


You escaped.
You worshipped Ru.
Ru was exalted by your worship.
You visited 12 branches of the dungeon, and saw 56 of its levels.
You visited 1 bazaar.
You also visited: Trove and Ossuary.

You collected 9714 gold pieces.
You spent 8022 gold pieces at shops.

Inventory:

Hand Weapons
 p - a +5 broad axe of freezing
   (You took it off a hell knight on level 3 of the Depths)
 s - a +9 broad axe of freezing (weapon)
   (You bought it in a shop on level 2 of the Orcish Mines)
Missiles
 e - 3 datura-tipped darts
 A - 8 curare-tipped darts
 D - 49 boomerangs
 N - 20 javelins
 Q - 4 boomerangs of dispersal {!f}
 R - 8 silver javelins (quivered)
 T - 10 silver boomerangs
 U - 4 throwing nets
Armour
 c - a +2 pair of boots of rampaging (worn)
   (You found it on level 2 of the Lair of Beasts)
 i - a +10 plate armour of fire resistance (worn)
   (You took it off a vampire knight on level 3 of the Depths)
 k - the +2 cloak of Sin {rElec rCorr Dex+2}
   (You bought it in a shop in a bazaar)

   Dex:       It affects your dexterity (+2).
   rElec:     It insulates you from electricity.
   rCorr:     It protects you from acid and corrosion.
 w - a +2 pair of gloves of strength (worn)
   (You found it on level 5 of the Vaults)
 J - a scarf of repulsion (worn)
   (You found it on level 7 of the Dungeon)
 S - the +2 shield of Resistance (worn) {rF++ rC++ Will++}
   (You found it on level 3 of the Elven Halls)

   rF:        It greatly protects you from fire.
   rC:        It greatly protects you from cold.
   Will:      It greatly increases your willpower.
 Y - a +2 helmet of intelligence (worn)
   (You found it on level 3 of the Elven Halls)
Jewellery
 a - the ring of Kaehiace {rF+ rC+ Int+3}
   (You found it on level 5 of the Pits of Slime)

   [ring of protection from fire]

   Int:       It affects your intelligence (+3).
   rF:        It protects you from fire.
   rC:        It protects you from cold.
 b - the amulet of Springtime (around neck) {Reflect Str+4 SH+5 SInv Stlth+}
   (You found it in a treasure trove)

   [amulet of reflection]

   It reflects blocked missile attacks.
   Str:       It affects your strength (+4).
   SInv:      It lets you see invisible.
   SH:        It affects your SH (+5).
   Stlth:     It makes you more stealthy.
 j - a +5 ring of evasion (left hand) {=R}
   (You found it on level 1 of the Dungeon)
 q - an amulet of regeneration
   (You found it on level 6 of the Dungeon)
 x - a +5 ring of evasion
   (You found it on level 5 of the Dungeon)
 y - a ring of resist corrosion
   (You found it on level 5 of the Realm of Zot)
 M - the ring "Ycsyce Ymu" (right hand) {rElec rC+ Str+2}
   (You acquired it on level 1 of the Shoals)

   [ring of protection from cold]

   Str:       It affects your strength (+2).
   rC:        It protects you from cold.
   rElec:     It insulates you from electricity.
 X - a ring of willpower
   (You found it on level 3 of the Spider Nest)
Scrolls
 h - 13 scrolls of teleportation {@r4}
 o - 7 scrolls of fear
 r - 8 scrolls of immolation {!r}
 u - 2 scrolls of enchant weapon
 v - a scroll of silence
 z - 11 scrolls of poison
 B - 3 scrolls of torment
 E - a scroll of magic mapping
 G - 9 scrolls of fog
 L - 3 scrolls of blinking
Potions
 d - 4 potions of heal wounds {@q2}
 f - 9 potions of flight
 g - 27 potions of curing {@q1}
 l - 9 potions of cancellation
 m - 3 potions of magic
 n - 2 potions of haste {@q3}
 t - 9 potions of ambrosia
 C - 3 potions of invisibility
 F - 2 potions of attraction {!q}
 P - 8 potions of might
 V - 7 potions of resistance


   Skills:
 + Level 22.3 Fighting
 * Level 25.1 Axes
 + Level 15.5 Throwing
 + Level 17.1 Armour
 - Level 8.0 Stealth
 * Level 20.0 Shields


You had 26 spell levels left.
You didn't know any spells.
Your spell library contained the following spells:

 Spells                   Type           Power      Damage    Failure   Level
 Apportation              Tloc           0%         N/A       91%         1
 Necrotise                Necr           0%         1d4       91%         1
 Sandblast                Erth           0%         2d4       91%         1
 Slow                     Hex            0%         N/A       91%         1
 Blink                    Tloc           0%         N/A       97%         2
 Confusing Touch          Hex            0%         N/A       100%        3
 Inner Flame              Hex/Fire       0%         N/A       100%        3
 Kindle Blastsparks       Fire/Tloc/Air  0%         2d10      100%        3
 Portal Projectile        Hex/Tloc       0%         N/A       100%        3
 Swiftness                Air            0%         N/A       100%        3
 Vampiric Draining        Necr           0%         2d6       100%        3
 Vhi's Electric Charge    Tloc/Air       0%         N/A       100%        3
 Airstrike                Air            0%         2d(0-16)  100%        4
 Anguish                  Hex/Necr       0%         N/A       100%        4
 Cause Fear               Hex            0%         N/A       100%        4
 Leda's Liquefaction      Hex/Erth       0%         N/A       100%        4
 Manifold Assault         Tloc           0%         N/A       100%        4
 Olgreb's Toxic Radiance  Pois           0%         N/A       100%        4
 Passage of Golubria      Tloc           0%         N/A       100%        4
 Agony                    Necr           0%         N/A       100%        5
 Lee's Rapid Deconstruct  Erth           0%         3d4*      100%        5
 Plasma Beam              Fire/Air       0%         2x1d7     100%        5
 Dispersal                Tloc           0%         N/A       100%        6
 Enfeeble                 Hex            0%         N/A       100%        7
 Discord                  Hex            0%         N/A       100%        8
 Disjunction              Tloc           0%         N/A       100%        8
 Ignition                 Fire           0%         3d3       100%        8
 Maxwell's Capacitive Co  Air            0%         ∞         100%        8
 Shatter                  Erth           0%         3d5*      100%        9
 Freeze                   Ice            Unusable   1d3       N/A         1
 Magic Dart               Conj           Unusable   1d3       N/A         1
 Shock                    Conj/Air       Unusable   1d3       N/A         1
 Sting                    Tmut/Pois      Unusable   1d3       N/A         1
 Summon Small Mammal      Summ           Unusable   N/A       N/A         1
 Call Imp                 Summ           Unusable   N/A       N/A         2
 Ensorcelled Hibernation  Hex/Ice        Unusable   N/A       N/A         2
 Passwall                 Tmut/Erth      Unusable   N/A       N/A         2
 Searing Ray              Conj           Unusable   2d4       N/A         2
 Call Canine Familiar     Summ           Unusable   N/A       N/A         3
 Dazzling Flash           Conj/Hex       Unusable   N/A       N/A         3
 Frozen Ramparts          Ice            Unusable   1d1       N/A         3
 Hailstorm                Conj/Ice       Unusable   3d3       N/A         3
 Ignite Poison            Fire/Tmut/Pois Unusable   N/A       N/A         3
 Mephitic Cloud           Conj/Pois/Air  Unusable   N/A       N/A         3
 Spider Form              Tmut/Pois      Unusable   N/A       N/A         3
 Stone Arrow              Conj/Erth      Unusable   3d7       N/A         3
 Tukima's Dance           Hex            Unusable   N/A       N/A         3
 Flame Wave               Conj/Fire      Unusable   2d4       N/A         4
 Fulminant Prism          Conj/Hex       Unusable   3d5       N/A         4
 Ice Form                 Ice/Tmut       Unusable   N/A       N/A         4
 Iskenderun's Mystic Bla  Conj/Tloc      Unusable   2d3       N/A         4
 Sticky Flame             Conj/Fire      Unusable   2d3       N/A         4
 Arcjolt                  Conj/Air       Unusable   1d10      N/A         5
 Fireball                 Conj/Fire      Unusable   3d3       N/A         5
 Freezing Cloud           Conj/Ice/Air   Unusable   6-21      N/A         5
 Yara's Violent Unravell  Hex/Tmut       Unusable   3d3       N/A         5
 Starburst                Conj/Fire      Unusable   6d3       N/A         6
 Statue Form              Tmut/Erth      Unusable   N/A       N/A         6
 Dragon Form              Tmut           Unusable   N/A       N/A         7
 Ozocubu's Refrigeration  Ice            Unusable   4d7       N/A         7
 Storm Form               Tmut/Air       Unusable   N/A       N/A         7
 Chain Lightning          Conj/Air       Unusable   N/A       N/A         9
 Dragon's Call            Summ           Unusable   N/A       N/A         9
 Fire Storm               Conj/Fire      Unusable   5d1       N/A         9

Dungeon Overview and Level Annotations

Branches:
Dungeon (15/15)            Temple (1/1) D:4            Lair (5/5) D:11
 Shoals (4/4) Lair:3       Spider (4/4) Lair:2        Slime (5/5) Lair:4
    Orc (2/2) D:12            Elf (3/3) Orc:2        Vaults (5/5) D:14
  Crypt (3/3) Vaults:2       Tomb (0/3) Crypt:3      Depths (4/4) D:15
    Zot (5/5) Depths:4    Ossuary (visited)

Altars:
Ashenzari
Cheibriados
Dithmenos
Gozag
Kikubaaqudgha
Makhleb
Nemelex Xobeh
Okawaru
Qazlal
Ru
Sif Muna
Trog
Uskayaw
Vehumet
Wu Jian
Xom

Shops:
D:6 :   D:13 !?*(   Orc:1 *   Orc:2 (?:!   Elf:1 ((??   Shoals:1 ?   Vaults:3 [
Vaults:5 !   Depths:1 :   Depths:4 *

Portals:
Hell: Depths:1 Depths:2 Depths:3 Depths:4
Abyss: Depths:3
Pandemonium: Depths:2
Ziggurat: Depths:3

Annotations:
Vaults:2 Gexir's ghost, veteran DjCj
Crypt:3 3 runed translucent doors
Zot:5 1 exclusion


Innate Abilities, Weirdness & Mutations

You are immune to poison.
You have sharp fingernails.
Your flesh is cold resistant. (rC+)
You are immune to negative energy. (rN+++)
You do not regenerate when monsters are visible.
You are immune to unholy pain and torment.
You cannot study or use magical devices.
You are hated by all.
You cannot train Dodging skill.
You cannot study or cast Conjurations magic.
You cannot study or cast Ice magic.
You cannot study or cast Transmutations magic.
You are somewhat unskilled. (-1 Apt)
You thrive by killing the living.


Message History

There is a stone staircase leading up here.
You climb upwards.
There is a stone staircase leading down here.
Things that are here:
a +0 chain mail; a +0 hand axe; a +1 heavy falchion
Things that are here:
a +0 club; a +0 leather armour; a +1 flail of draining
There is a stone staircase leading up here.
You climb upwards.
There is a stone staircase leading down here.
There is a stone staircase leading up here.
You climb upwards.
There is a stone staircase leading down here.
There is a stone staircase leading up here.
You climb upwards.
There is a stone staircase leading down here.
A Zuith and a Tzitzimitl come into view.
You cut the Tzitzimitl into ribbons!!! You closely miss the Tzitzimitl.
Zuith begins to attack, but is stunned by your conviction!
You barely miss the Tzitzimitl. You block the Tzitzimitl's attack.
The Tzitzimitl bites you but does no damage.
You barely miss the Tzitzimitl. You block the Tzitzimitl's attack.
The Tzitzimitl bites you but does no damage.
You closely miss the Tzitzimitl.
The Tzitzimitl engulfs you but does no damage.
The Tzitzimitl closely misses you.
You hit the Tzitzimitl. You slash the Tzitzimitl!
The Tzitzimitl engulfs you but does no damage.
The Tzitzimitl bites you!
You feel very mighty all of a sudden. The Tzitzimitl engulfs you!
You block the Tzitzimitl's attack.
You slash the Tzitzimitl! You freeze the Tzitzimitl.
The Tzitzimitl engulfs you but does no damage.
You block the Tzitzimitl's attack.
You barely miss the Tzitzimitl. You slice the Tzitzimitl!!
You freeze the Tzitzimitl.
You kill the Tzitzimitl!
Here: Zuith, armed with a distorting touch (surrounded by thunder)
The floor.
You slice Zuith!!
You are engulfed in a thunderstorm.
You resist. Zuith hits you but does no damage.
Space warps horribly around you!! You block Zuith's attack.
A chaos spawn comes into view.
Okay, then.
You block the chaos spawn's attack.
The chaos spawn attacks as you move away!
You block the chaos spawn's attack.
The chaos spawn attacks as you move away!
You block the chaos spawn's attack.
There is an open door here.
The chaos spawn attacks as you move away!
You block the chaos spawn's attack.
Things that are here:
a +0 leather armour; a +0 dagger
Items here: ))) [.
Things that are here:
a +2 dagger of freezing; a +0 scale mail; a +0 dagger The chaos spawn attacks as you move away!
The chaos spawn is stunned by your conviction and fails to attack.
Items here: )) [[.
The chaos spawn attacks as you move away!
The chaos spawn gores you but does no damage.
Items here: ))))) [[[.
Things that are here:
a +0 ring mail; a +0 mace The chaos spawn attacks as you move away!
The chaos spawn gores you but does no damage.
The chaos spawn attacks as you move away!
You block the chaos spawn's attack.
The chaos spawn attacks as you move away!
You block the chaos spawn's attack.
The chaos spawn attacks as you move away!
You block the chaos spawn's attack.
There is a stone staircase leading up here.
You block the chaos spawn's attack.
You climb upwards.
There is a stone staircase leading down here.
You carve the chaos spawn like a ham!!! You freeze the chaos spawn!
You kill the chaos spawn!
The chaos spawn degenerates into a cloud of primal chaos!
(D) Dungeon (T) Temple (L) Lair (A) Shoals (N) Spider Nest (M) Slime Pits (O) Orcish Mines (E) Elven Halls (V) Vaults (C) Crypt (W) Tomb (U) Depths (H) Hell (Z) Zot
Where to? (Enter - D:1 @ (x,y), ? - help)
There is a stone staircase leading up here.
You climb upwards.
There is a stone staircase leading down here.
You feel a little less mighty now.
There is an open door here.
There is a stone staircase leading up here.
You climb upwards.
There is a stone staircase leading down here.
You see here 4 scrolls of vulnerability {!r}.
A Bisexut, a lich, a tormentor and a green death come into view.
The lich shouts!
The green death roars!
Bisexut moves out of view.
As you read the scroll of fog, it crumbles to dust.
The scroll dissolves into smoke.
Bisexut attacks as you move away! You block Bisexut's attack.
Bisexut is stunned by your conviction and fails to attack.
Unknown command.
Bisexut attacks as you move away! You block Bisexut's attack. x2
Bisexut attacks as you move away! Bisexut gores you!
Okay, then.
Okay, then.
Okay, then.
Blink to where?
As you read the scroll of blinking, it crumbles to dust.
You climb upwards.
There is a stone staircase leading down here.
There is an escape hatch in the ceiling here.
Really go through this one-way escape hatch?
A mysterious force pulls you upwards. The hatch slams shut behind you.
(D) Dungeon (T) Temple (L) Lair (A) Shoals (N) Spider Nest (M) Slime Pits (O) Orcish Mines (E) Elven Halls (V) Vaults (C) Crypt (W) Tomb (U) Depths (H) Hell (Z) Zot
Where to? (Enter - D:1 @ (x,y), ? - help)
You see here a +0 flail.
Things that are here:
a +0 plate armour; a +0 short sword
There is a stone staircase leading up here.
You climb upwards.
There is a stone staircase leading down here.
There is a stone staircase leading up here.
You climb upwards.
There is a stone staircase leading down here.
A hellion comes into view.
The hellion gestures at you.
The sphere of damnation explodes!
The damnation engulfs you! The hellion gestures at you.
The sphere of damnation explodes!
The damnation engulfs you!
The hellion begins to attack, but is stunned by your conviction!
You redirect the hellion's attack!
There is a stone staircase leading up here.
You climb upwards.
There is a stone staircase leading down here.
(D) Dungeon (T) Temple (L) Lair (A) Shoals (N) Spider Nest (M) Slime Pits (O) Orcish Mines (E) Elven Halls (V) Vaults (C) Crypt (W) Tomb (U) Depths (H) Hell (Z) Zot
Where to? (Enter - D:1 @ (x,y), ? - help)
You open the door.
There is an open door here.
There is a staircase leading out of the dungeon here.
You have escaped!

...)....#
#...#~.~#≈≈≈#.####.....
........#
#...#~.≈#≈≈.#.# #.....
........#
#...#≈.~#≈..#.####.....
........#
#...#...#...#.....)....
........#
#...........#..........
........#
#...........#..........
........#
#...........##.........
........#
#...........##.........
.########
#.....@.....##.........
.#
#...........##.........
.#
##############.........
## #####...##
############# #.#.##
#...........#######.....
#............#..........
#............#.####.....
#............#.#####....


There were no monsters in sight!

Vanquished Creatures
  the Royal Jelly (Slime:5)
  6 dread liches
  Khufu (Crypt:2)
  10 ancient liches
  7 orbs of fire
  Mennas (Vaults:5)
  Mara (Shoals:4)
  A juggernaut (Depths:3)
  A royal mummy (Crypt:2)
  Boris (Vaults:5)
  Vv (Zot:3)
  Saint Roka (Orc:2)
  Xtahua (Crypt:2)
  Bai Suzhen (Shoals:4)
  3 Killer Klowns (Zot:5)
  Frederick (Vaults:5)
  A caustic shrike (Depths:2)
  4 curse toes
  A profane servitor (Zot:5)
  5 golden dragons
  The ghost of Neirri the Fetichist, a veteran DrHW of Gozag (Crypt:3)
  Jory (Crypt:3)
  2 bone dragons (Depths:4)
  3 electric golems
  A Tzitzimitl (D:9)
  A Brimstone Fiend (Vaults:2)
  Rupert (D:14)
  Jorgrun (Spider:3)
  19 tentacled monstrosities
  27 Orb Guardians
  An Ice Fiend (Zot:5)
  3 liches
  A walking divine tome (Depths:2)
  2 deep elf blademasters
  15 acid blobs
  Asterion (Spider:3)
  7 titans
  3 deep elf master archers (Elf:3)
  8 quicksilver dragons
  10 death cobs
  8 ancient champions
  Polyphemus (Shoals:4)
  Kirke (Shoals:2)
  10 sphinxes
  5 revenants
  13 storm dragons
  10 tengu reavers
  5 draconian monks
  14 shadow dragons
  11 azure jellies
  Agnes (Spider:3)
  Donald (Orc:2)
  7 rockslimes (Slime:5)
  11 fire giants
  5 deep elf sorcerers (Elf:3)
  4 draconian knights
  Ilsuiw (Shoals:3)
  7 frost giants
  4 iron dragons
  5 emperor scorpions (Spider:4)
  6 draconian scorchers
  Louise (Spider:1)
  16 vault wardens
  6 ghost moths
  10 draconian shifters
  5 deep elf elementalists
  7 ghouls
  A juggernaut zombie (Crypt:3)
  7 draconian annihilators
  A draconian stormcaller (Zot:1)
  3 reapers (Crypt:3)
  2 broodmothers
  A curse skull (Crypt:3)
  A caustic shrike skeleton (Crypt:3)
  A demonspawn corrupter (Zot:5)
  10 very ugly things
  9 ironbound thunderhulks
  3 war gargoyles (Vaults:5)
  A juggernaut skeleton (D:15)
  25 vampire knights
  Nessos (D:14)
  11 quicksilver oozes
  4 spriggan defenders
  16 stone giants
  10 ironbound preservers
  4 deep elf demonologists
  14 green draconians
  11 black draconians
  13 yellow draconians
  11 purple draconians
  17 red draconians
  21 dire elephants
  A lorocyproca (Vaults:2)
  8 spark wasps
  A dire elephant (shapeshifter) (Vaults:5)
  12 deep elf annihilators
  17 white draconians
  Azrael (D:15)
  13 ettins
  8 merfolk impalers
  7 eidola
  7 merfolk javelineers
  7 deep elf death magi
  11 fire dragons
  A green death (Zot:1)
  6 entropy weavers
  3 jiangshi
  18 yaktaur captains
  7 rakshasas
  15 great orbs of eyes
  6 deep elf high priests
  6 ice dragons
  Fannar (Lair:3)
  A peacekeeper (Vaults:2)
  2 spriggan air magi
  3 merfolk avatars
  6 hydras
  38 vault guards
  A spriggan skeleton (Depths:1)
  A bennu zombie (Crypt:3)
  11 ironbound frosthearts
  A catoblepas (Shoals:4)
  2 alligator snapping turtles (Shoals:3)
  3 ogre magi
  2 radroaches
  An anaconda (Shoals:4)
  14 centaur warriors
  10 two-headed ogres
  3 death knights
  8 boulder beetles
  4 merfolk aquamancers
  29 dancing weapons
  A death scarab (Spider:2)
  2 death yaks (Shoals:4)
  13 deep troll shamans
  2 satyrs
  13 vampire magi
  9 tengu warriors
  6 deep troll earth magi
  3 orc high priests
  Urug (D:14)
  3 soul eaters
  15 deep elf knights
  2 spriggan berserkers (Depths:4)
  6 sun demons (Depths:1)
  10 hell knights
  A titan zombie (Crypt:3)
  3 skysharks
  A sixfirhy (Depths:2)
  7 iron trolls
  32 skeletal warriors
  A fire crab (shapeshifter) (Vaults:5)
  A shadow wraith (Crypt:3)
  3 pharaoh ants
  A spark wasp zombie (D:15)
  2 goliath frogs (Shoals:1)
  Lodul (D:13)
  A death drake (shapeshifter) (Vaults:5)
  43 deep trolls
  A sun moth (Spider:3)
  6 orb spiders
  A swamp dragon (Lair:5)
  3 glowing orange brains
  17 sea snakes
  3 anaconda zombies
  A shadow demon (Zot:5)
  32 phantasmal warriors
  16 deep elf archers
  21 ironbound convokers
  9 flayed ghosts
  5 bog bodies
  10 wizards
  13 harpies
  5 necromancers
  An obsidian statue (Zot:5)
  10 manticores
  2 steelbarb worms
  2 orc knights (D:15)
  32 deep elf pyromancers
  5 lindwurms
  9 orc sorcerers
  14 fauns
  15 wolf spiders
  29 deep elf zephyrmancers
  46 ugly things
  8 cyclopes
  A fire giant zombie (D:15)
  An elephant (shapeshifter) (Vaults:3)
  4 oklob plants
  28 moths of wrath
  9 shining eyes
  6 elephants (Lair:5)
  Maurice (Orc:2)
  A frost giant skeleton (Vaults:3)
  A rust devil (Zot:1)
  12 merfolk sirens
  A black mamba (shapeshifter) (D:14)
  12 vault sentinels
  4 black mambas
  12 demonic crawlers
  A gargoyle (D:10)
  7 torpor snails
  A stone giant skeleton (Depths:1)
  Joseph (D:8)
  An unseen horror (D:11)
  6 water nymphs
  9 eyes of devastation
  8 cane toads
  A naga zombie (Crypt:3)
  3 spriggan zombies
  An alligator snapping turtle skeleton (Crypt:1)
  A freezing wraith (D:14)
  3 rime drakes
  2 kobold demonologists (D:9)
  2 hellions
  34 yaktaurs
  Maggie (D:8)
  16 komodo dragons
  A pale draconian skeleton (Crypt:1)
  An efreet (D:13)
  A harpy zombie (Crypt:1)
  4 tengu conjurers
  A guardian mummy (Crypt:3)
  A troll (shapeshifter) (Vaults:5)
  6 trolls
  A yaktaur skeleton (Vaults:3)
  4 polar bears
  A tyrant leech (shapeshifter) (Vaults:5)
  5 wind drakes
  A meliai (shapeshifter) (Vaults:5)
  3 tyrant leeches (Lair:5)
  33 merfolk
  17 snapping turtles
  Prince Ribbit (Lair:3)
  14 hornets
  A tarantella zombie (Crypt:3)
  11 dream sheep (Lair:5)
  19 tarantellas
  A dream sheep (shapeshifter) (Vaults:5)
  19 blink frogs
  An ettin zombie (Crypt:3)
  An ice dragon zombie (Crypt:3)
  A centaur simulacrum (D:14)
  72 slime creatures
  A satyr skeleton (Crypt:2)
  5 air elementals
  Sigmund (D:5)
  16 culicivoras
  A jumping spider (shapeshifter) (Depths:3)
  17 jumping spiders
  4 shadows
  18 wraiths
  16 water elementals
  3 spriggans (Depths:4)
  A wyvern (Lair:1)
  3 vampires
  5 basilisks
  18 humans
  56 yaks
  7 fire elementals
  3 hogs (Shoals:2)
  6 vampire mosquitoes
  4 golden eyes
  A human (shapeshifter) (D:12)
  A chaos spawn (D:8)
  A hog (shapeshifter) (D:15)
  37 redbacks
  6 steam dragons
  A wind drake skeleton (Crypt:1)
  A neqoxec (Zot:5)
  Edmund (D:5)
  An elf skeleton (Vaults:3)
  2 wargs (Orc:1)
  A skyshark zombie (Crypt:1)
  3 acid dragons
  2 glowing shapeshifter zombies
  A human simulacrum (Vaults:3)
  11 water moccasins
  2 glowing shapeshifter skeletons
  6 hell hounds
  2 swamp drakes (Lair:5)
  A human zombie (Vaults:3)
  2 floating eyes (shapeshifter) (Vaults:5)
  A floating eye (Depths:1)
  38 orc warriors
  A black bear (shapeshifter) (D:14)
  2 ice beasts
  A sky beast (D:6)
  3 black bears
  An ettin simulacrum (Vaults:3)
  4 boggarts
  A swamp dragon zombie (Crypt:1)
  A lindwurm zombie (Crypt:2)
  14 ogres
  7 centaurs
  A phantom (D:5)
  4 kobold brigands
  A vine stalker zombie (Crypt:3)
  12 bullfrogs
  A salamander zombie (Crypt:1)
  A cyclops zombie (Crypt:3)
  3 necrophages
  A scorpion (D:6)
  A salamander skeleton (Crypt:2)
  3 earth elementals (Elf:2)
  Dowan (D:4)
  16 killer bees
  A wolf zombie (Crypt:2)
  A raiju skeleton (Crypt:2)
  An electric eel (Elf:3)
  3 howler monkeys
  7 jellies
  A bullfrog skeleton (Crypt:2)
  33 orc priests
  A black bear skeleton (Crypt:2)
  A centaur skeleton (Crypt:3)
  3 iguanas
  40 orc wizards
  2 sleepcaps
  Natasha (thrice) (D:4)
  A boggart skeleton (Crypt:3)
  22 mummies
  Robin (D:4)
  4 gnolls
  11 adders
  2 shadow imps (D:7)
  3 white imps
  2 ufetubi (Vaults:1)
  2 worms (D:3)
  83 orcs
  A bat zombie (Crypt:1)
  12 endoplasms
  2 giant cockroaches
  17 goblins
  A hobgoblin (shapeshifter) (Depths:4)
  8 hobgoblins
  7 jackals (D:1)
  4 quokkas
  12 ball pythons
  9 bats
  4 frilled lizards
  A frilled lizard skeleton (Crypt:3)
  A gnoll zombie (Ossuary)
  26 kobolds
  4 kobold zombies
  6 orc zombies
  5 rats
  A bush (Lair:2)
2473 creatures vanquished.

Vanquished Creatures (others)
  A dread lich (Vaults:5)
  A royal mummy (Crypt:2)
  A golden dragon (Zot:5)
  A quicksilver dragon (Zot:3)
  A sphinx (Depths:2)
  A death cob (Zot:2)
  A storm dragon (Zot:3)
  A fire giant (Depths:3)
  An azure jelly (Slime:5)
  A draconian shifter (Zot:3)
  2 vault wardens
  A ghoul (Crypt:3)
  2 deep elf elementalists (Elf:3)
  A very ugly thing (Depths:2)
  A stone giant (Depths:2)
  An ironbound thunderhulk (Vaults:3)
  A vampire knight (Depths:2)
  A red draconian (Zot:4)
  3 ettins
  A deep elf death mage (Elf:3)
  A merfolk impaler (Shoals:4)
  An entropy weaver (Spider:3)
  A deep elf high priest (Elf:3)
  2 great orbs of eyes
  3 dancing weapons
  A boulder beetle (Lair:2)
  A deep troll earth mage (Depths:3)
  A spriggan berserker (Depths:2)
  A sea snake (Shoals:4)
  An iron troll (Depths:3)
  A skeletal warrior (Crypt:1)
  A glowing orange brain (Depths:2)
  2 deep elf archers
  2 deep elf pyromancers
  2 wolf spiders
  A necromancer (Depths:2)
  An ugly thing (D:14)
  A deep elf zephyrmancer (Elf:1)
  A manticore (shapeshifter) (Vaults:5)
  A vault sentinel (Vaults:3)
  A cane toad (Lair:3)
  A rime drake (Lair:2)
  2 yaktaurs
  A yaktaur skeleton (Vaults:3)
  A hornet (Lair:5)
  A tyrant leech (Lair:5)
  2 merfolk (Shoals:2)
  2 tarantellas (Spider:1)
  A snapping turtle (Shoals:3)
  A slime creature (Slime:4)
  A water elemental (Depths:3)
  A redback (Spider:4)
  A hell hound (D:15)
  Duvessa (D:4)
  A bullfrog (D:6)
  2 killer bees (D:9)
  An orc priest (D:15)
  An iguana (Lair:5)
  3 orcs
  28 fungi
  152 plants
  3 withered plants (D:15)
258 creatures vanquished.

Grand Total: 2731 creatures vanquished

Notes
Turn   | Place    | Note
-------+----------+-------------------------------------------
     0 | D:1      | CryoSword the Ghoul Fighter began the quest for the Orb.
     0 | D:1      | Reached XP level 1. HP: 19/19 MP: 0/0
    22 | D:1      | Reached skill level 2 in Axes
   125 | D:1      | Reached XP level 2. HP: 26/26 MP: 1/1
   342 | D:1      | Reached skill level 3 in Axes
   400 | D:1      | Reached XP level 3. HP: 31/31 MP: 2/2
   841 | D:2      | Found a faded altar of an unknown god.
   841 | D:2      | Noticed an eye of devastation
   910 | D:2      | Reached XP level 4. HP: 38/38 MP: 3/3
   942 | D:2      | Noticed a golden eye
   950 | D:2      | Noticed a shining eye
   956 | D:2      | Noticed a shining eye
   967 | D:2      | Reached skill level 4 in Axes
  1241 | D:3      | Found a bloodstained altar of Trog.
  1297 | D:3      | Reached XP level 5. HP: 5/45 MP: 4/4
  1477 | D:3      | Identified the +5 chain mail "Hohuqaf" {Harm}
  1490 | D:3      | Reached skill level 5 in Axes
  1953 | D:4      | Noticed Robin
  2038 | D:4      | Noticed Natasha
  2045 | D:4      | Reached XP level 6. HP: 43/51 MP: 5/5
  2052 | D:4      | Killed Natasha
  2101 | D:4      | Noticed Natasha
  2112 | D:4      | Killed Natasha
  2119 | D:4      | Reached skill level 6 in Axes
  2198 | D:4      | Noticed Duvessa
  2263 | D:4      | Noticed Dowan
  2293 | D:4      | Found a staircase to the Ecumenical Temple.
  2302 | Temple   | Entered the Ecumenical Temple
  2308 | Temple   | Became a worshipper of Ru the Awakened
  2397 | D:4      | Killed Robin
  2551 | D:4      | Noticed Natasha
  2562 | D:4      | Killed Natasha
  2662 | D:5      | Entered Level 5 of the Dungeon
  2701 | D:5      | Reached XP level 7. HP: 57/57 MP: 6/6
  2844 | D:5      | Reached skill level 7 in Axes
  2918 | D:5      | Found a sand-covered staircase.
  2925 | Ossuary  | Entered an ossuary
  3319 | D:5      | Identified the +2 robe of Horoug {Str+7}
  3349 | D:5      | Gained mutation: You are somewhat unskilled. (-1 Apt) [Ru
                  | sacrifice]
  3349 | D:5      | Reached * piety under Ru
  3827 | D:5      | Reached XP level 8. HP: 63/63 MP: 7/7
  3986 | D:5      | Noticed Sigmund
  3993 | D:5      | Killed Sigmund
  4069 | D:5      | Noticed Edmund
  4086 | D:5      | Killed Edmund
  4416 | D:6      | Found Ippu's Book Boutique.
  4478 | D:6      | Reached skill level 8 in Axes
  4578 | D:6      | Reached XP level 9. HP: 72/72 MP: 8/8
  4681 | D:6      | Reached skill level 5 in Fighting
  5131 | D:7      | Reached skill level 9 in Axes
  5199 | D:7      | Reached skill level 5 in Shields
  5399 | D:7      | Gained mutation: You are hated by all. [Ru sacrifice]
  5399 | D:7      | Reached ** piety under Ru
  5399 | D:7      | Reached *** piety under Ru
  5438 | D:7      | Reached XP level 10. HP: 63/84 MP: 9/9
  5844 | D:8      | Noticed Maggie
  5874 | D:8      | Killed Maggie
  5875 | D:8      | Reached skill level 10 in Axes
  5978 | D:8      | Found an ornate altar of the Wu Jian Council.
  6004 | D:8      | Found a hide-covered altar of Uskayaw.
  6006 | D:8      | Noticed Joseph
  6016 | D:8      | Killed Joseph
  6632 | D:9      | Noticed a deep elf archer
  6657 | D:9      | Killed a deep elf archer
  6662 | D:9      | Noticed a centaur warrior
  6688 | D:9      | Killed a centaur warrior
  6689 | D:9      | Reached skill level 11 in Axes
  6730 | D:9      | Noticed a green ugly thing
  6742 | D:9      | Killed a green ugly thing
  6743 | D:9      | Reached XP level 11. HP: 86/94 MP: 10/10
  6821 | D:9      | Noticed an orc sorcerer
  6827 | D:9      | Noticed an orc sorcerer
  6831 | D:9      | Paralysed by an orc sorcerer for 3 turns
  6840 | D:9      | Killed an orc sorcerer
  6846 | D:9      | Noticed a deep elf pyromancer
  6854 | D:9      | Killed an orc sorcerer
  6886 | D:9      | Killed a deep elf pyromancer
  7010 | D:9      | Noticed a soul eater
  7012 | D:9      | Noticed a two-headed ogre
  7063 | D:9      | Killed a two-headed ogre
  7388 | D:9      | Noticed a two-headed ogre
  7394 | D:9      | Killed a two-headed ogre
  7400 | D:9      | Noticed a deep elf pyromancer
  7405 | D:9      | Killed a deep elf pyromancer
  7406 | D:9      | Reached skill level 12 in Axes
  7643 | D:9      | Identified the staff of poison "Xipijamo" {rPois Dex+3
                  | Stlth+}
  7674 | D:9      | Identified the +2 pair of gloves of the Supporting Gods
                  | {rElec Int-3 Dex+4}
  8019 | D:9      | Gained mutation: You cannot train Dodging skill. [Ru
                  | sacrifice]
  8019 | D:9      | Reached **** piety under Ru
  8061 | D:10     | Entered Level 10 of the Dungeon
  8106 | D:10     | Noticed a two-headed ogre
  8114 | D:10     | Killed a two-headed ogre
  8156 | D:10     | Reached skill level 1 in Stealth
  8235 | D:10     | Reached XP level 12. HP: 93/104 MP: 11/11
  8374 | D:10     | Found a burning altar of Makhleb.
  8539 | D:10     | Found an iron altar of Okawaru.
  8992 | D:11     | Found a staircase to the Lair.
  9170 | D:11     | Noticed a two-headed ogre
  9180 | D:11     | Killed a two-headed ogre
  9535 | Lair:1   | Entered Level 1 of the Lair of Beasts
  9759 | Lair:1   | Reached skill level 1 in Throwing
 10291 | Lair:1   | Identified the +6 dagger "Ytrily" {venom, Str+3}
 10409 | Lair:1   | Reached skill level 13 in Axes
 10722 | Lair:2   | Noticed a four-headed hydra
 11106 | Lair:1   | Killed a four-headed hydra
 11424 | Lair:2   | Reached skill level 10 in Fighting
 11497 | Lair:2   | Found a transporter.
 11559 | Lair:2   | Found a hole to the Spider Nest.
 11595 | Lair:2   | Reached XP level 13. HP: 97/113 MP: 12/12
 11747 | Lair:2   | Found a transporter.
 12319 | Lair:3   | Noticed Fannar
 12343 | Lair:3   | Killed Fannar
 12376 | Lair:3   | Identified the +0 leather armour "Sabu" {Stlth+}
 12410 | Lair:3   | Found a staircase to the Shoals.
 12622 | Lair:3   | Reached skill level 5 in Stealth
 13147 | Lair:3   | Noticed Prince Ribbit
 13160 | Lair:3   | Killed Prince Ribbit
 13439 | Lair:3   | Gained mutation: You cannot study or use magical devices.
                  | [Ru sacrifice]
 13439 | Lair:3   | Reached ***** piety under Ru
 13539 | Lair:2   | Reached skill level 5 in Armour
 14325 | Lair:4   | Found a staircase to the Slime Pits.
 15078 | Lair:5   | Entered Level 5 of the Lair of Beasts
 15188 | Lair:5   | Reached XP level 14. HP: 97/122 MP: 13/13
 15244 | Lair:5   | Reached skill level 14 in Axes
 15289 | Lair:5   | Got the Vellum of the Discharge and the Serac
 15730 | Lair:5   | Found a runed translucent door.
 16299 | Lair:5   | Reached skill level 5 in Throwing
 16309 | Lair:5   | Identified the +1 pair of boots of Sahuet {+Inv rPois Str-3
                  | Int+2}
 16718 | D:12     | Found a staircase to the Orcish Mines.
 17283 | D:12     | Identified the +9 dagger "Duguj" {flame, rElec rC+}
 17419 | D:12     | You fall into a shaft and drop 1 floor!
 17419 | D:13     | Found Teodgh's Assorted Antiques.
 17423 | D:13     | Found Erej Ucs's Weapon Shoppe.
 17424 | D:13     | Bought a potion of ambrosia for 248 gold pieces
 17424 | D:13     | Bought a scroll labelled QIAH UGRAKIUMM for 31 gold pieces
 17424 | D:13     | Bought a warped turquoise ring for 155 gold pieces
 17424 | D:13     | Identified the ring of the Ageing Queen {Str+2 Int+6 Dex+2}
                  | (You bought it in a shop on level 13 of the Dungeon)
 17424 | D:13     | Bought a scroll labelled QIAH UGRAKIUMM for 31 gold pieces
 17513 | D:12     | Noticed a sphinx
 17518 | D:12     | Paralysed by a sphinx for 3 turns
 17525 | D:12     | Killed a sphinx
 17719 | D:12     | Identified the ring of Makhleb, Fortifying {rElec rC- rCorr
                  | Dex+5}
 17845 | D:12     | Reached XP level 15. HP: 130/130 MP: 14/14
 17850 | D:12     | Got the Notes on Filth and Cold
 18035 | D:13     | Found Dapranum's Magic Scroll Shoppe.
 18043 | D:13     | Bought a scroll of torment for 161 gold pieces
 18043 | D:13     | Bought a scroll of identify for 34 gold pieces
 18043 | D:13     | Bought a scroll of poison for 68 gold pieces
 18043 | D:13     | Bought a scroll of magic mapping for 127 gold pieces
 18043 | D:13     | Bought a scroll of identify for 34 gold pieces
 18043 | D:13     | Bought a scroll of teleportation for 51 gold pieces
 18052 | D:13     | Found Guunub's Distillery.
 18058 | D:13     | Bought a potion of attraction for 36 gold pieces
 18058 | D:13     | Bought a potion of might for 48 gold pieces
 18058 | D:13     | Bought a potion of cancellation for 96 gold pieces
 18178 | D:13     | Bought a +1 broad axe of freezing for 213 gold pieces
 18230 | D:13     | Noticed Lodul
 18244 | D:13     | Killed Lodul
 18770 | D:14     | Reached skill level 15 in Axes
 18770 | D:14     | Reached skill level 10 in Shields
 19051 | D:14     | Found a gate to the Vaults.
 19051 | D:14     | Noticed Rupert
 19051 | D:14     | Noticed Urug
 19069 | D:14     | Killed Urug
 19076 | D:14     | Killed Rupert
 19076 | D:14     | Noticed Nessos
 19097 | D:14     | Killed Nessos
 19222 | D:14     | Noticed an angel
 19560 | D:15     | Entered Level 15 of the Dungeon
 19566 | D:15     | Noticed Azrael
 19585 | D:15     | Killed Azrael
 20026 | D:15     | Found a staircase to the Depths.
 20155 | D:15     | Reached XP level 16. HP: 141/141 MP: 15/15
 20681 | D:15     | Identified the +8 trident of the Wilderness {holy, *Noise
                  | rF+++ rC+ SInv}
 20916 | Orc:1    | Entered Level 1 of the Orcish Mines
 21099 | Orc:2    | Entered Level 2 of the Orcish Mines
 21124 | Orc:2    | Found a staircase to the Elven Halls.
 21124 | Orc:2    | Noticed Donald
 21135 | Orc:2    | Killed Donald
 21145 | Orc:1    | Gained mutation: You cannot study or cast Ice magic. [Ru
                  | sacrifice]
 21145 | Orc:1    | Gained mutation: You cannot study or cast Transmutations
                  | magic. [Ru sacrifice]
 21145 | Orc:1    | Gained mutation: You cannot study or cast Conjurations
                  | magic. [Ru sacrifice]
 21145 | Orc:1    | Reached ****** piety under Ru
 21193 | Orc:2    | Noticed Maurice
 21210 | Orc:2    | Killed Maurice
 21416 | Orc:2    | Reached skill level 16 in Axes
 21419 | Orc:2    | Noticed Saint Roka
 21489 | Orc:2    | Killed Saint Roka
 21571 | Orc:2    | Found Homity Rele's Distillery.
 21572 | Orc:2    | Found Louckapn's Book Shoppe.
 21573 | Orc:2    | Found Buquhi's Antique Weapon Emporium.
 21577 | Orc:2    | Found Jiemn's Magic Scroll Emporium.
 21590 | Orc:2    | Bought a scroll of teleportation for 48 gold pieces
 21590 | Orc:2    | Bought a scroll of teleportation for 48 gold pieces
 21590 | Orc:2    | Bought a scroll of identify for 32 gold pieces
 21590 | Orc:2    | Bought a scroll of teleportation for 48 gold pieces
 21590 | Orc:2    | Bought a scroll of identify for 32 gold pieces
 21590 | Orc:2    | Bought a scroll of fog for 64 gold pieces
 21591 | Orc:2    | Bought a potion of heal wounds for 70 gold pieces
 21591 | Orc:2    | Bought a potion of heal wounds for 70 gold pieces
 21591 | Orc:2    | Bought a potion of cancellation for 112 gold pieces
 21591 | Orc:2    | Bought a potion of ambrosia for 112 gold pieces
 21591 | Orc:2    | Bought a potion of resistance for 140 gold pieces
 21593 | Orc:2    | Bought a runed broad axe for 147 gold pieces
 21598 | Orc:2    | Bought a scroll of poison for 64 gold pieces
 21598 | Orc:2    | Bought a scroll of brand weapon for 152 gold pieces
 22056 | Orc:1    | Found Naewuul's Gadget Gallery.
 22209 | Spider:1 | Entered Level 1 of the Spider Nest
 22436 | Spider:1 | Noticed Louise
 22462 | Spider:1 | Killed Louise
 24479 | Spider:2 | Reached XP level 17. HP: 150/150 MP: 16/16
 24687 | Spider:3 | Noticed Jorgrun
 24695 | Spider:3 | Killed Jorgrun
 24870 | Spider:3 | Identified the +3 flail "Kehiluydd" {flame, rC+ rCorr}
 25188 | Spider:3 | Noticed Agnes
 25192 | Spider:3 | Killed Agnes
 25269 | Spider:3 | Noticed Asterion
 25282 | Spider:3 | Killed Asterion
 25283 | Spider:3 | Reached skill level 17 in Axes
 25441 | Spider:4 | Entered Level 4 of the Spider Nest
 25492 | Spider:4 | Identified the +1 robe "Wuwkuep" {Will+}
 26611 | Spider:4 | Got a gossamer rune of Zot
 26859 | Shoals:1 | Entered Level 1 of the Shoals
 26859 | Shoals:1 | Found a sacrificial altar of Ru.
 27039 | Shoals:1 | Reached skill level 10 in Armour
 27043 | Shoals:1 | Found Pahad Lar's Magic Scroll Shop.
 27052 | Shoals:1 | Bought a scroll of acquirement for 520 gold pieces
 27052 | Shoals:1 | Bought a scroll of enchant weapon for 75 gold pieces
 27052 | Shoals:1 | Bought a scroll of fog for 40 gold pieces
 27052 | Shoals:1 | Bought a scroll of teleportation for 30 gold pieces
 27052 | Shoals:1 | Bought a scroll of teleportation for 30 gold pieces
 27052 | Shoals:1 | Acquired the ring "Ycsyce Ymu" {rElec rC+ Str+2}
 27176 | Shoals:1 | Found an iron altar of Okawaru.
 27537 | Shoals:1 | Reached XP level 18. HP: 152/161 MP: 17/17
 27541 | Shoals:1 | Reached skill level 18 in Axes
 27725 | Shoals:2 | Noticed Kirke
 27846 | Shoals:2 | Killed Kirke
 28767 | Shoals:3 | Noticed Ilsuiw
 28806 | Shoals:3 | Killed Ilsuiw
 28807 | Shoals:3 | Reached skill level 15 in Fighting
 29300 | Shoals:4 | Entered Level 4 of the Shoals
 29516 | Shoals:4 | Noticed Bai Suzhen
 29528 | Shoals:4 | Killed Bai Suzhen
 29582 | Shoals:4 | HP: 1/147 [merfolk impaler/+0 antimagic trident (16)]
 30108 | Shoals:4 | Noticed Polyphemus
 30124 | Shoals:4 | Killed Polyphemus
 30162 | Shoals:4 | Noticed Mara
 30169 | Shoals:4 | Noticed CryoSword's illusion
 30185 | Shoals:4 | Killed Mara
 30696 | Shoals:4 | Got a barnacled rune of Zot
 30835 | Shoals:4 | Reached XP level 19. HP: 120/154 MP: 18/18
 30890 | Shoals:4 | Reached skill level 19 in Axes
 31642 | Vaults:1 | Entered Level 1 of the Vaults
 32184 | Vaults:1 | Found a portal to a secret trove of treasure.
 32204 | Vaults:1 | You paid a toll of 15 scrolls of teleportation to enter a
                  | treasure trove
 32205 | Trove    | Entered a treasure trove
 32223 | Trove    | Identified the amulet of Springtime {Reflect Str+4 SH+5
                  | SInv Stlth+}
 32235 | Trove    | Identified the +10 dagger of the Boiling Point {heavy, rC+
                  | rN++ rCorr Stlth-}
 33544 | Vaults:2 | Found a runed translucent gate.
 33554 | Vaults:2 | Found a runed translucent gate.
 33554 | Vaults:2 | Found a runed translucent gate.
 33557 | Vaults:2 | Noticed Gexir's ghost (veteran DjCj)
 34124 | Vaults:2 | Reached XP level 20. HP: 181/181 MP: 19/19
 34262 | Vaults:2 | Found a staircase to the Crypt.
 34534 | Vaults:2 | Identified the +5 dagger "Heteg" {freeze, rC+ rN+}
 34738 | Vaults:3 | Reached skill level 20 in Axes
 34861 | Vaults:3 | Found Hiykhl Woikh's Antique Armour Shop.
 34877 | Vaults:3 | Found a flickering gateway to a bazaar.
 34900 | Bazaar   | Entered a bazaar
 34916 | Bazaar   | Found Hete's Antique Weapon Shoppe.
 34917 | Bazaar   | Found Fuoskalukk's General Store.
 34960 | Bazaar   | Found Vanaasch's Distillery.
 34960 | Bazaar   | Found Zytsyneh's Antique Armour Emporium.
 34982 | Bazaar   | Bought the +5 Storm Queen's Shield {shock, Fly rElec} for
                  | 912 gold pieces
 34982 | Bazaar   | Found the +5 Storm Queen's Shield {shock, Fly rElec}
 35001 | Bazaar   | Bought the +2 cloak of Sin {rElec rCorr Dex+2} for 574 gold
                  | pieces
 35021 | Bazaar   | Bought a potion of heal wounds for 75 gold pieces
 35021 | Bazaar   | Bought a potion of curing for 45 gold pieces
 35021 | Bazaar   | Bought a potion of heal wounds for 75 gold pieces
 35021 | Bazaar   | Bought a potion of heal wounds for 75 gold pieces
 35021 | Bazaar   | Bought a potion of heal wounds for 75 gold pieces
 35021 | Bazaar   | Bought a potion of cancellation for 120 gold pieces
 36358 | Vaults:4 | Reached skill level 10 in Throwing
 36922 | Vaults:4 | Reached XP level 21. HP: 188/189 MP: 20/20
 37861 | Shoals:1 | Bought a scroll of enchant armour for 75 gold pieces
 37998 | Elf:1    | Entered Level 1 of the Elven Halls
 38073 | Elf:1    | Paralysed by an air elemental for 1 turns
 38078 | Elf:1    | Paralysed by an air elemental for 1 turns
 38129 | Elf:1    | Found Vosam's Magic Scroll Emporium.
 38129 | Elf:1    | Found Wotuthys's Weapon Shoppe.
 38131 | Elf:1    | Found Okhupawk's Magic Scroll Emporium.
 38132 | Elf:1    | Found Plog's Antique Weapon Shoppe.
 38193 | Elf:1    | Bought a scroll of enchant armour for 105 gold pieces
 38193 | Elf:1    | Bought a scroll of enchant weapon for 105 gold pieces
 38193 | Elf:1    | Bought a scroll of magic mapping for 105 gold pieces
 38196 | Elf:1    | Bought a scroll of teleportation for 60 gold pieces
 38196 | Elf:1    | Bought a scroll of blinking for 150 gold pieces
 39539 | Elf:2    | Found a runed translucent gate.
 39539 | Elf:2    | Found a runed translucent gate.
 39540 | Elf:2    | Found a runed translucent gate.
 40623 | Elf:3    | Entered Level 3 of the Elven Halls
 40625 | Elf:3    | Paralysed by an air elemental for 1 turns
 41006 | Elf:3    | Paralysed by an air elemental for 1 turns
 41012 | Elf:3    | Paralysed by an air elemental for 1 turns
 41532 | Elf:3    | Reached XP level 22. HP: 183/203 MP: 21/21
 42118 | Elf:3    | Found the +2 shield of Resistance {rF++ rC++ Will++}
 42146 | Elf:3    | Identified the +8 dagger of the Onslaught {pain, rElec
                  | Will+ Str+2}
 42147 | Elf:3    | Identified the +1 ring mail of Rielaem {Harm rC- Int+2
                  | Dex+7}
 42154 | Elf:3    | Identified the amulet of the Ancient Quests {Harm Regen+
                  | Int+4 Dex+3}
 42189 | Elf:3    | Identified the +1 leather armour of Springtime {Slay+3}
 42351 | Elf:3    | Identified the staff of fire "Hailem" {Drain rElec rF+ MP+9
                  | Dex+3}
 42362 | Elf:3    | Identified the +4 eveningstar of the Egg {heavy, Will-
                  | Dex+3}
 42364 | Elf:3    | Identified the +10 great mace of Wyrd {flame, rElec rN+
                  | Will- SInv}
 42994 | Depths:1 | Entered Level 1 of the Depths
 43120 | Depths:1 | Paralysed by a floating eye for 2 turns
 43159 | Depths:1 | Found Oranuw's Book Emporium.
 43202 | Depths:1 | Found a gateway to Hell.
 44851 | Depths:2 | Reached skill level 21 in Axes
 45045 | Depths:2 | Found a one-way gate leading to the halls of Pandemonium.
 45131 | Depths:3 | Noticed a golden dragon
 45147 | Depths:3 | Killed a golden dragon
 45758 | Depths:2 | Identified the +1 spear of Iwaf {flame, +Blink}
 45785 | Depths:2 | Identified the staff of fire "Lauxenusic" {rPois rF+}
 45794 | Depths:2 | Noticed a caustic shrike
 45803 | Depths:2 | Killed a caustic shrike
 45868 | Depths:2 | Reached XP level 23. HP: 189/213 MP: 22/22
 46856 | Depths:3 | Found a one-way gateway to a ziggurat.
 47351 | Depths:3 | Found a one-way gate to the infinite horrors of the Abyss.
 47426 | Depths:3 | Identified the +0 robe "Urus" {Harm Fly rElec Slay+2}
 47430 | Depths:3 | Noticed a juggernaut
 47449 | Depths:3 | Killed a juggernaut
 48461 | Depths:4 | Entered Level 4 of the Depths
 48465 | Depths:4 | Found Laicac's General Store.
 49184 | Depths:4 | Found an opulent altar of Gozag.
 49821 | Vaults:3 | Bought a transparent plate armour for 1176 gold pieces
 49821 | Vaults:3 | Identified the +1 plate armour of Inquiry {Will+ Slay+2}
                  | (You bought it in a shop on level 3 of the Vaults)
 50038 | Elf:1    | Bought a scroll of magic mapping for 150 gold pieces
 50038 | Elf:1    | Bought a scroll of magic mapping for 150 gold pieces
 50038 | Elf:1    | Bought a scroll of brand weapon for 190 gold pieces
 50242 | Depths:4 | Found a gate to the Realm of Zot.
 50591 | Vaults:2 | Reached skill level 15 in Shields
 50686 | Vaults:2 | Reached XP level 24. HP: 126/205 MP: 16/22
 51347 | Vaults:2 | Identified the +0 pair of boots of Generosity {rElec Will+
                  | rCorr Dex-5}
 51634 | D:4      | Killed Dowan
 51638 | D:4      | Killed Duvessa
 52350 | Vaults:2 | Found a staircase to the Crypt.
 52712 | Crypt:1  | Entered Level 1 of the Crypt
 53786 | Crypt:1  | Reached skill level 22 in Axes
 54271 | Crypt:2  | Noticed Khufu
 54290 | Crypt:2  | Noticed a royal mummy
 54295 | Crypt:2  | Noticed a royal mummy
 54297 | Crypt:2  | Killed Khufu
 54307 | Crypt:2  | Killed a royal mummy
 54324 | Crypt:2  | Killed a royal mummy
 55231 | Crypt:2  | Noticed Xtahua
 55249 | Crypt:2  | Killed Xtahua
 55393 | Crypt:3  | Entered Level 3 of the Crypt
 56382 | Crypt:3  | Found a runed translucent gate.
 56382 | Crypt:3  | Found a runed translucent gate.
 56383 | Crypt:3  | Found a runed translucent gate.
 56383 | Crypt:3  | Noticed Neirri's ghost (veteran DrHW)
 56392 | Crypt:3  | Found a huge runed gate.
 56392 | Crypt:3  | Found a huge runed gate.
 56392 | Crypt:3  | Found a huge runed gate.
 56393 | Crypt:3  | Found a huge runed gate.
 56393 | Crypt:3  | Found a huge runed gate.
 56394 | Crypt:3  | Found a huge runed gate.
 56394 | Crypt:3  | Found a huge runed gate.
 56395 | Crypt:3  | Found a huge runed gate.
 56396 | Crypt:3  | Found a huge runed gate.
 56396 | Crypt:3  | Found a huge runed gate.
 56403 | Crypt:3  | Found a huge runed gate.
 56403 | Crypt:3  | Found a huge runed gate.
 56403 | Crypt:3  | Found a huge runed gate.
 56403 | Crypt:3  | Found a huge runed gate.
 56403 | Crypt:3  | Found a huge runed gate.
 56403 | Crypt:3  | Found a huge runed gate.
 56403 | Crypt:3  | Found a huge runed gate.
 56404 | Crypt:3  | Found a huge runed gate.
 56404 | Crypt:3  | Found a huge runed gate.
 56420 | Crypt:3  | Found a huge runed gate.
 56420 | Crypt:3  | Found a huge runed gate.
 56420 | Crypt:3  | Found a huge runed gate.
 56420 | Crypt:3  | Found a huge runed gate.
 56420 | Crypt:3  | Found a huge runed gate.
 56746 | Crypt:3  | Found a huge runed gate.
 56746 | Crypt:3  | Found a huge runed gate.
 56748 | Crypt:3  | Found a huge runed gate.
 56749 | Crypt:3  | Found a huge runed gate.
 56750 | Crypt:3  | Found a huge runed gate.
 56751 | Crypt:3  | Found a huge runed gate.
 56752 | Crypt:3  | Found a huge runed gate.
 56753 | Crypt:3  | Found a huge runed gate.
 56754 | Crypt:3  | Found a huge runed gate.
 56766 | Crypt:3  | Found a staircase to the Tomb.
 56880 | Crypt:3  | Found a huge runed gate.
 56880 | Crypt:3  | Found a huge runed gate.
 56886 | Crypt:3  | Found a huge runed gate.
 57591 | Crypt:3  | Noticed Jory
 57608 | Crypt:3  | Reached XP level 25. HP: 217/231 MP: 22/22
 57609 | Crypt:3  | Killed Jory
 57641 | Crypt:3  | Identified the +6 great mace of Regicide {distort, Will+}
 57661 | Crypt:3  | Identified the +4 arbalest "Niotoceceug" {drain, Str+2}
 57869 | Crypt:3  | Identified the amulet "Caminliu" {Spirit rElec rCorr Dex-2
                  | SInv}
 57945 | Crypt:3  | Killed Neirri's ghost
 57959 | Crypt:3  | Got Sif Muna's Atlas of the Winter and the Dragon
 57983 | Crypt:3  | Noticed an ancient lich
 57983 | Crypt:3  | Noticed an ancient lich
 57983 | Crypt:3  | Noticed an ancient lich
 57984 | Crypt:3  | Killed an ancient lich
 57991 | Crypt:3  | Killed an ancient lich
 57995 | Crypt:3  | Killed an ancient lich
 57996 | Crypt:3  | Reached skill level 15 in Armour
 58652 | Vaults:5 | Entered Level 5 of the Vaults
 58652 | Vaults:5 | Noticed a dread lich
 58652 | Vaults:5 | Noticed Frederick
 58663 | Vaults:5 | Killed Frederick
 58679 | Vaults:5 | Killed a dread lich
 58692 | Vaults:5 | Noticed a dread lich
 58696 | Vaults:5 | Paralysed by a floating eye for 2 turns
 58778 | Vaults:5 | Killed a dread lich
 58800 | Vaults:5 | Noticed Mennas
 58814 | Vaults:5 | Killed Mennas
 58954 | Vaults:5 | Noticed a dread lich
 58963 | Vaults:5 | Killed a dread lich
 58988 | Vaults:5 | Identified the +4 helmet "Coogyf" {rCorr Dex+5}
 58990 | Vaults:5 | Noticed an ancient lich
 59010 | Vaults:5 | Killed an ancient lich
 59213 | Vaults:5 | Reached skill level 23 in Axes
 59260 | Vaults:5 | Noticed an ancient lich
 59261 | Vaults:5 | Noticed Boris
 59270 | Vaults:5 | Killed an ancient lich
 59274 | Vaults:5 | Killed Boris
 59390 | Vaults:5 | Identified the +0 pair of boots "Tusuin" {rElec rF+ Regen+
                  | Int+2}
 59404 | Vaults:5 | Got a silver rune of Zot
 59453 | Vaults:5 | Identified the +1 scale mail of Guuqal {-Tele rPois rF+ rN+
                  | Str+2}
 59475 | Vaults:5 | Noticed a dread lich
 59488 | Vaults:5 | Killed a dread lich
 59673 | Vaults:5 | Reached XP level 26. HP: 242/242 MP: 22/22
 59710 | Vaults:5 | Identified the +7 chain mail "Plog" {Will- Int-5 Dex+7}
 59711 | Vaults:5 | Identified the +2 shortbow of Ziogeot {flame, rC+ Str+3
                  | Stlth+}
 59722 | Vaults:5 | Identified the +0 dagger of Vipn {speed, +Blink rN+ rCorr
                  | Int-3}
 59817 | Vaults:5 | Noticed a dread lich
 59831 | Vaults:5 | Killed a dread lich
 59948 | Vaults:5 | Identified the ring of the Lobster {+Blink rF+ Will- rCorr
                  | Dex+6}
 60263 | Vaults:5 | Identified the +4 ring mail of Ziorghin {+Blink rC+}
 60307 | Vaults:5 | Identified the +2 quarterstaff "Transmigrator" {venom, rN+
                  | Dex+2}
 60485 | Vaults:5 | Identified the staff of earth "Aceri" {rElec rN+ Will-
                  | Dex+3}
 60548 | Vaults:5 | Found Mumahain's Distillery.
 60557 | Vaults:5 | Bought 2 potions of heal wounds for 220 gold pieces
 60557 | Vaults:5 | Bought a potion of heal wounds for 110 gold pieces
 60557 | Vaults:5 | Bought a potion of might for 88 gold pieces
 60557 | Vaults:5 | Bought a potion of haste for 220 gold pieces
 61531 | Slime:1  | Entered Level 1 of the Pits of Slime
 61825 | Slime:5  | Entered Level 5 of the Pits of Slime
 62032 | Slime:5  | Noticed the Royal Jelly
 62048 | Slime:5  | Killed the Royal Jelly
 62475 | Slime:5  | Got a slimy rune of Zot
 62494 | Slime:5  | Identified the +7 mace "Earthworm" {flame, rN+ Dex+2}
 62495 | Slime:5  | Identified the +1 rapier of Precise Incision {drain, rF+
                  | rN++}
 62517 | Slime:5  | Identified the ring "Enocvaph" {rPois rN+ Stlth+}
 62522 | Slime:5  | Identified the ring of Foexzax {Fire Str+8 Int+5 Slay-5}
 62547 | Slime:5  | Identified the ring of Kaehiace {rF+ rC+ Int+3}
 63046 | Zot:1    | Entered Level 1 of the Realm of Zot
 63406 | Zot:1    | Noticed an orb of fire
 63431 | Zot:1    | Killed an orb of fire
 64606 | Zot:2    | Noticed an orb of fire
 64634 | Zot:2    | Killed an orb of fire
 64635 | Zot:2    | Reached XP level 27. HP: 230/250 MP: 22/22
 64774 | Zot:2    | Noticed an orb of fire
 64817 | Zot:2    | Killed an orb of fire
 64822 | Zot:2    | Reached skill level 24 in Axes
 64976 | Zot:2    | Noticed an orb of fire
 66862 | Zot:3    | Noticed Vv
 66885 | Zot:3    | Killed Vv
 66894 | Zot:3    | Noticed an orb of fire
 66992 | Zot:3    | Killed an orb of fire
 69343 | Zot:5    | Entered Level 5 of the Realm of Zot
 69548 | Zot:5    | Reached skill level 15 in Throwing
 69699 | Zot:5    | Found the +9 sword of Power {lifebolt}
 69886 | Zot:5    | Noticed an ancient lich
 69888 | Zot:5    | Noticed an orb of fire
 69891 | Zot:5    | Noticed an orb of fire
 69897 | Zot:5    | Noticed an ancient lich
 69898 | Zot:5    | Killed an ancient lich
 69898 | Zot:5    | Noticed an orb of fire
 69905 | Zot:5    | Killed an orb of fire
 69907 | Zot:5    | Killed an orb of fire
 69911 | Zot:5    | Killed an orb of fire
 69915 | Zot:5    | Noticed a dread lich
 69915 | Zot:5    | Noticed an ancient lich
 70334 | Zot:5    | Killed a dread lich
 70407 | Zot:5    | Noticed a dread lich
 70423 | Zot:5    | Killed a dread lich
 70451 | Zot:5    | Killed an ancient lich
 70474 | Zot:5    | Killed an ancient lich
 70749 | Zot:5    | Noticed an ancient lich
 70762 | Zot:5    | Noticed an ancient lich
 70772 | Zot:5    | Killed an ancient lich
 70781 | Zot:5    | Killed an ancient lich
 70800 | Zot:5    | Reached skill level 25 in Axes
 71505 | Zot:5    | Got the Orb of Zot
 71990 | D:9      | Noticed Zuith the pandemonium lord
 72057 | D:6      | Noticed Bisexut the pandemonium lord
 72162 | D:$      | Escaped with the Orb!

Illustrated notes

Levels and vault maps discovered:
D:1:      lightli_arrival_quake, layout_basic, minmay_stone_trees_large
D:2:      layout_rooms, hellmonk_ecumenical_altar_watching_god
D:3:      layout_rooms, trog_three_pillars_becter
D:4:      layout_rooms, minmay_temple_entry_junction, uniq_natasha, uniq_robin,
          uniq_duvessa
D:5:      layout_layer_cave, nicolae_ossuary_entry_giza,
          sigmund_edmund_badplayer
D:6:      layout_basic, serial_shops, nicolae_lakefront_shop
D:7:      layout_gridville, grunt_ministairs_14
D:8:      layout_basic, nicolae_uskayaw_dance_hall, nzn_wu_jian_contemplation,
          uniq_maggie, uniq_joseph
D:9:      minmay_the_grid_3x3 [minmay_the_grid_tri_star,
          minmay_the_grid_zigzag_pyramid, minmay_the_grid_empty,
          minmay_the_grid_eight, minmay_the_grid_paths, minmay_the_grid_x,
          minmay_the_grid_holed_spiral, minmay_the_grid_minigrid_large,
          minmay_the_grid_prize_trominoes], layout_basic,
          kennysheep_generic_room_16
D:10:     layout_basic, kennysheep_little_box, okawaru_altar_gauntlet_db,
          lemuel_round_altar, mainiacjoe_overflow_brackets
D:11:     cheibrodos_helix_gallery, layout_loops_cross, lair_entry_dummy
D:12:     minmay_box_of_curves, layout_gridville, david_orc_3
D:13:     layout_loops_ring, serial_shops, shop, shop, shop,
          nicolae_shop_waterfront, uniq_lodul
D:14:     layout_grid_maze, david_vaults_3, zin_angel, special_room
          [special_room_orc]
D:15:     gammafunk_depths_entry_grave, layout_basic, nicolae_benzene_ring,
          minmay_orc_keep, uniq_azrael
Temple:   nicolae_temple_no_exploring_needed
Lair:1:   layout_misc_corridors
Lair:2:   gammafunk_boulding_lane, layout_hall_layers,
          spider_nest_entry_web_field, minmay_lair_oklob_bushes
Lair:3:   layout_cave_pods, elwin_shoals_entry_rocks, grunt_megastairs_3,
          uniq_prince_ribbit2, uniq_fannar
Lair:4:   layout_cave_pods, nicolae_slime_entry_field_trip,
          chequers_serial_rivers_micro_a, beast_lair_carwin_7,
          infiniplex_staircase_pool, grunt_megastairs_2
Lair:5:   wormcave, layout_loops_ring, guppyfry_lair_end_dragon,
          grunt_megastairs_4
Shoals:1: layout_shoals, serial_shops, shop_fountains, hangedman_feature_mirror,
          nicolae_shoals_goliath_grotto
Shoals:2: layout_shoals, nicolae_shoals_this_corrosion, uniq_kirke
Shoals:3: layout_shoals, uniq_ilsuiw
Shoals:4: shoals_end_simple, layout_shoals,
          nicolae_shoals_siren_and_animal_friends, uniq_polyphemus,
          uniq_bai_suzhen, uniq_mara
Spider:1: layout_cave_pods, uniq_louise
Spider:2: layout_cave_pods, hangedman_spider_tarantella_strand,
          nicolae_spider_cling_halls
Spider:3: layout_spider_delve, uniq_asterion, uniq_agnes, uniq_jorgrun
Spider:4: spider_rune_water, drop_trap, nicolae_crawler_farm
Slime:1:  layout_caves, cheibrodos_slime_lost_civilization_6
Slime:2:  layout_caves
Slime:3:  layout_caves, nicolae_slime_crime_time
Slime:4:  layout_caves, cheibrodos_slime_lost_civilization_5
Slime:5
Orc:1:    layout_caves, nicolae_shop_gadgets
Orc:2:    st_orc_mages, layout_diamond_mine, guppyfry_library_mini, uniq_donald,
          uniq_saint_roka, uniq_urug, uniq_maurice
Elf:1:    elf_arrival_002, layout_gridlike, minivault_28, minmay_shoptagon
Elf:2:    nicolae_elf_blades_splatter_lattice [infiniplex_blade_entry_pillars],
          layout_geoelf_octagon, nicolae_concentric_dashed_squares_wild
Elf:3:    minmay_elf_hall_four_x, layout_geoelf_castle,
          hangedman_elf_power_crystal
Vaults:1: vaults_room_grunt_arrival_checkpoint, serial_ice_g,
          grunt_vaults_hallway_long, v_rooms_2, nicolae_vaults_rhombus_6,
          ontoclasm_vaults_shuriken, dpeg_vaults_monster_box,
          layout_vaults_omnigrid, enter_trove_6
Vaults:2: gammafunk_ghost_tricky_traps, nicolae_vaults_circle_grid_a,
          grunt_vaults_hallway_short, ontoclasm_vaults_fault,
          vaults_standard_mumra_enter_the_diamond,
          nicolae_vaults_ring_of_whatevers, minmay_crypt_entry_simple_box,
          nicolae_vaults_little_squares_2,
          nicolae_vaults_windows_and_doors_thing, grunt_vaults_bifocal,
          grunt_vaults_focal, v_misc_14, nicolae_vaults_big_ls,
          nicolae_vaults_little_squares_6, layout_vaults_big_room
Vaults:3: v_misc_4, hangedman_vaults_corner, hangedman_vaults_restitches,
          vaults_mumra_hexcomb, v_alt_pattern_1, grunt_vaults_hallway_short,
          v_misc_31, ontoclasm_vaults_pinch, vaults_dpeg_emergency_exit,
          hangedman_vaults_snaps, vaults_mumra_bighexcomb,
          nicolae_vaults_hallways_thing, ontoclasm_vaults_ring_small,
          nicolae_vaults_asterisk, layout_vaults_omnicross, serial_shops,
          bzr_entry_customers, nicolae_shop_overgrown_old_shop
Vaults:4: vaults_dpeg_doors, nicolae_vaults_little_squares_3,
          grunt_vaults_funnel, grunt_vaults_swirl, v_misc_28,
          ontoclasm_vaults_ring_small, nicolae_vaults_little_squares_6,
          v_pattern_4, vaults_room_pool, layout_vaults_omnibox
Vaults:5: uniq_frederick, uniq_mennas, uniq_boris
Crypt:1:  layout_regular_city
Crypt:2:  layout_basic, uniq_khufu, uniq_xtahua
Crypt:3:  church_of_pain_bobbens, layout_chaotic_city,
          nicolae_tomb_entry_unfolded_pyramid_orthogonal,
          ebering_ghost_rock_garden, door_vault, uniq_margery
Depths:1: layout_basic, serial_shops, nicolae_shop_stone,
          nicolae_hell_entry_hellmouth_sunbeams, dk_noncrumbling_4,
          serial_sigils_hangedman_gut, tso_metal_star, serial_bayou_shore_b
Depths:2: nzn_winding_woodlands_large [nzn_winding_woodlands_5x5_default,
          nzn_winding_woodlands_5x15_sidewinder,
          nzn_winding_woodlands_5x5_checkerboard,
          nzn_winding_woodlands_center_triple_pond,
          nzn_winding_woodlands_15x15_five_gardens,
          nzn_winding_woodlands_center_lodge, nzn_winding_woodlands_5x5_three,
          nzn_winding_woodlands_5x15_pockets,
          nzn_winding_woodlands_5x5_open_star], layout_twisted_cross,
          rand_demon_pan_entry_5, hell_entry, nicolae_water_bricks,
          kennysheep_generic_room_6
Depths:3: hangedman_stitches_corridor, layout_cave_pools, enter_ziggurat_d,
          hangedman_coc_ice_floe, chequers_serial_rivers_marsh, abyss_entry,
          st_stairs_13
Depths:4: grunt_zot_entry_tricorne, layout_cross, serial_shops, shop,
          chequers_serial_rivers_micro_e, grunt_hell_entry_dis_mu,
          grunt_ministairs_7, nicolae_gozag_cash_rules_everything_around_me
Zot:1:    layout_misc_corridors
Zot:2:    layout_onion, nrook_zot_tub
Zot:3:    layout_cathedral_of_symmetry, hangedman_zot_decor_scrapings,
          zot_minivault_4, uniq_vv
Zot:4:    layout_gridlike
Zot:5:    layout_misc_corridors

Skill      XL: |  1  2  3  4  5  6  7  8  9 10 11 12 13 14 15 16 17 18 19 20 21 22 23 24 25 26 27 |
---------------+----------------------------------------------------------------------------------+-----
Axes           | 2 3 4 5 6 7 8 9 11 12 13 14 15 16 17 18 19 20 21 22 23 25 | 25.1
Shields        | 3 5 6 7 8 9 10 11 12 14 15 16 17 18 20 | 20.0
Fighting       | 4 6 7 9 10 11 12 13 14 15 16 17 18 19 20 21 22 | 22.3
Stealth        | 1 4 6 7 8 |  8.0
Armour         | 4 5 6 7 8 10 11 12 13 14 15 16 17 | 17.1
Throwing       | 2 4 5 6 7 9 10 11 12 13 14 15 | 15.5

Action                     |  1- 3 |  4- 6 |  7- 9 | 10-12 | 13-15 | 16-18 | 19-21 | 22-24 | 25-27 || total
---------------------------+-------+-------+-------+-------+-------+-------+-------+-------+-------++-------
  Melee: War axe           |    91 |   200 |   287 |   679 |   851 |       |       |       |       ||  2108
         Battleaxe         |       |       |       |   100 |   422 |  1453 |   533 |       |       ||  2508
         Flail             |       |       |       |     6 |    26 |       |       |       |       ||    32
         Broad axe         |       |       |       |       |    73 |       |   871 |  1868 |  1924 ||  4736
         Executioner's axe |       |       |       |       |       |       |     9 |       |       ||     9
  Throw: Throwing net      |       |       |     2 |     2 |       |       |       |       |     5 ||     9
         Dart              |       |       |       |     2 |     1 |       |       |     7 |       ||    10
         Javelin           |       |       |       |       |     3 |    22 |       |    22 |     9 ||    56
         Boomerang         |       |       |       |       |       |     1 |    13 |     5 |     7 ||    26
 Invoke: Sacrifice Skill   |       |       |     1 |       |       |       |       |       |       ||     1
         Sacrifice Love    |       |       |     1 |       |       |       |       |       |       ||     1
         Draw Out Power    |       |       |       |     4 |     3 |     2 |     1 |     2 |     1 ||    13
         Sacrifice Nimblen |       |       |       |     1 |       |       |       |       |       ||     1
         Reject Sacrifices |       |       |       |     1 |       |       |       |       |       ||     1
         Power Leap        |       |       |       |       |     2 |     1 |     1 |       |       ||     4
         Sacrifice Artific |       |       |       |       |     1 |       |       |       |       ||     1
         Apocalypse        |       |       |       |       |     2 |     7 |     2 |     5 |     9 ||    25
         Sacrifice Arcana  |       |       |       |       |       |     1 |       |       |       ||     1
  Evoke: Wand              |       |       |     1 |    10 |       |       |       |       |       ||    11
    Use: Scroll            |     1 |     2 |     3 |     4 |     9 |    15 |     7 |     7 |    28 ||    76
         Potion            |       |     2 |       |       |       |     7 |     1 |    10 |    17 ||    37
   Stab: Distracted        |       |       |       |     2 |    12 |     9 |     5 |    14 |    13 ||    55
         Invisible         |       |       |       |     4 |    13 |    12 |     7 |    10 |    21 ||    67
         Paralysed         |       |       |       |     3 |     3 |    13 |     6 |    12 |    20 ||    57
         Petrified         |       |       |       |       |       |     9 |       |       |       ||     9
         Petrifying        |       |       |       |       |       |     1 |       |       |       ||     1
         Sleeping          |       |       |       |       |       |       |       |     2 |       ||     2
         Held in net/web   |       |       |       |       |       |       |       |       |     3 ||     3
 Armour: Scale mail        |    50 |    30 |       |       |       |       |       |       |       ||    80
         Chain mail        |       |    55 |   114 |   259 |   430 |   748 |    82 |       |       ||  1688
         Plate armour      |       |       |       |       |       |       |   278 |   429 |   718 ||  1425
         Quicksilver drago |       |       |       |       |       |       |       |    46 |       ||    46
  Dodge: Dodged            |    44 |   156 |   222 |   548 |   785 |  1108 |   331 |   569 |   579 ||  4342
         Repelled          |       |       |       |     3 |    11 |    11 |    24 |    11 |    20 ||    80
  Block: Buckler           |    23 |    34 |    61 |    68 |     4 |       |       |       |       ||   190
         Kite shield       |       |       |       |   143 |   366 |       |   463 |  1276 |  1302 ||  3550
         Other             |       |       |       |       |       |    34 |    66 |       |       ||   100
         Reflection        |       |       |       |       |       |     1 |    52 |    21 |    29 ||   103

Table legend: (Time is in decaauts)
 A = Elapsed time spent in this place.
 B = Non-inter-level travel time spent in this place.
 C = Inter-level travel time spent in this place.
 D = Time resting spent in this place.
 E = Time spent auto-exploring this place.
 F = Levels seen in this place.
 G = Mean time per level.
                   A        B        C        D        E       F      G
               +--------+--------+--------+--------+--------+-----+--------+
         Total |  71407 |  63896 |   7511 |   1941 |  44646 |  59 | 1210.3 |
       Dungeon |  15303 |  12920 |   2383 |    136 |   8975 |  15 | 1020.2 |
        Temple |     12 |      7 |      5 |      0 |      0 |   1 |   12.0 |
          Lair |   7624 |   6567 |   1057 |    211 |   4650 |   5 | 1524.8 |
        Shoals |   4660 |   4218 |    442 |     10 |   2759 |   4 | 1165.0 |
   Spider Nest |   4543 |   4169 |    374 |     79 |   3133 |   4 | 1135.8 |
    Slime Pits |   1177 |   1109 |     68 |    291 |    234 |   5 |  235.4 |
  Orcish Mines |   1384 |   1187 |    197 |      0 |    750 |   2 |  692.0 |
   Elven Halls |   4854 |   4420 |    434 |      2 |   3347 |   3 | 1618.0 |
        Vaults |  10157 |   8961 |   1196 |    340 |   6372 |   5 | 2031.4 |
         Crypt |   5209 |   5097 |    112 |    407 |   3473 |   3 | 1736.3 |
        Depths |   8081 |   7073 |   1008 |    291 |   5111 |   4 | 2020.2 |
           Zot |   7845 |   7613 |    232 |    172 |   5501 |   5 | 1569.0 |
        Bazaar |    131 |    131 |      0 |      0 |     74 |   1 |  131.0 |
         Trove |     56 |     56 |      0 |      0 |      0 |   1 |   56.0 |
       Ossuary |    363 |    363 |      0 |      0 |    264 |   1 |  363.0 |
               +--------+--------+--------+--------+--------+-----+--------+

Top non-repeatable levels by time:
Vaults:2: 3263 daAuts
Depths:3: 2449 daAuts
   Elf:3: 2166 daAuts
 Crypt:3: 2160 daAuts
Vaults:5: 1970 daAuts
Depths:1: 1925 daAuts
Shoals:4: 1911 daAuts
Vaults:1: 1889 daAuts
Depths:4: 1858 daAuts
Depths:2: 1848 daAuts
  Lair:3: 1801 daAuts
   Zot:2: 1800 daAuts
     D:9: 1789 daAuts
 Crypt:2: 1784 daAuts
Vaults:3: 1702 daAuts
